 Dungeon Crawl Stone Soup version 0.24.0-2-g5b39cebb1c (webtiles) character file.

Game seed: 12608484797970492784, levelgen mode: deterministic

878 Mrkan the Chopper (level 8, 0/69 HPs)
             Began as a Hill Orc Fighter on Oct 31, 2019.
             Was a Believer of Zin.
             Slain by an ogre
             ... wielding a cursed -3 giant club
              (8 damage)
             ... on level 4 of the Dungeon.
             The game lasted 00:09:11 (4431 turns).

Mrkan the Chopper (Hill Orc Fighter)                Turns: 4431, Time: 00:09:12

Health: 0/69       AC:  7    Str: 19    XL:     8   Next: 4%
Magic:  10/10      EV:  5    Int:  8    God:    Zin [**....]
Gold:   215        SH: 14    Dex: 12    Spells: 7/7 levels left

rFire    . . .     SeeInvis .   a - +0 war axe
rCold    . . .     Gourm    .   s - +0 large shield
rNeg     . . .     Faith    .   b - +0 scale mail
rPois    .         Spirit   .   (no helmet)
rElec    .         Reflect  .   (no cloak)
rCorr    .         Harm     .   (no gloves)
MR       .....                  (no boots)
Stlth    ..........             (no amulet)
HPRegen  0.21/turn              (no ring)
MPRegen  0.12/turn              (no ring)

@: no status effects
A: no striking features
a: Recite, Vitalisation, Donate Gold, Renounce Religion


You were on level 4 of the Dungeon.
You worshipped Zin.
Zin was pleased with you.
You were not hungry.

You visited 1 branch of the dungeon, and saw 4 of its levels.
You also visited: Sewer.

You collected 238 gold pieces.
You donated 23 gold pieces to Zin.

Inventory:

Hand Weapons
 a - a +0 war axe (weapon)
Missiles
 o - a throwing net (quivered)
Armour
 b - a +0 scale mail (worn)
 s - a +0 large shield (worn)
Jewellery
 m - a cursed ring of attention {unknown}
 n - a +2 ring of dexterity {unknown}
 v - an uncursed ring of wizardry {unknown}
 y - a cursed +3 ring of protection {unknown}
Scrolls
 c - 5 scrolls of identify {unknown}
 d - a scroll of magic mapping {unknown}
 e - a scroll of remove curse {unknown}
 h - 3 scrolls of amnesia {unknown}
 l - a scroll of enchant armour {unknown}
 p - a scroll of teleportation {unknown}
 q - a scroll of noise {unknown}
 t - a scroll of immolation {unknown}
 w - 2 scrolls of random uselessness {unknown}
 B - a scroll of blinking {unknown}
Potions
 g - 2 potions of agility {unknown}
 i - 3 potions of brilliance {unknown}
 j - 2 potions of flight {unknown}
 k - a potion of lignification {unknown}
 r - a potion of haste {unknown}
 u - a potion of magic {unknown}
 x - 2 potions of might
 A - a potion of berserk rage {unknown}
 C - a potion of degeneration {unknown}
Comestibles
 f - 10 rations
 z - a chunk of flesh


   Skills:
 + Level 5.6 Fighting
 * Level 7.6 Axes
 + Level 5.1 Armour
 + Level 5.0 Shields
 + Level 3.7 Invocations


You had 7 spell levels left.
You didn't know any spells.
Your spell library was empty.

Dungeon Overview and Level Annotations

Branches:
Dungeon (4/15)              Sewer (visited)
 Temple: D:4-7

Altars:
Dithmenos
Gozag
Nemelex Xobeh
Zin

Shops:
D:2 *


Message History

The ogre hits you with a cursed -3 giant club!
You hit the ogre.
The ogre is lightly wounded.
You block the ogre's attack.
You hit the ogre.
The ogre is lightly wounded.
The ogre hits you with a cursed -3 giant club!
Some of the chunks of flesh in your inventory have rotted away.
You hit the ogre.
The ogre is moderately wounded.
The ogre hits you with a cursed -3 giant club!!
* * * LOW HITPOINT WARNING * * *
You hit the ogre.
The ogre is heavily wounded.
The ogre hits you with a cursed -3 giant club!
* * * LOW HITPOINT WARNING * * *
Your shield prevents you from hitting the ogre.
The ogre is heavily wounded.
The ogre hits you with a cursed -3 giant club!
You die...

#..................#
##.##.##≈≈^≈
#.###.#.##.#.#.###.#
#..#≈......
...#.##.....###.#
##.#.#.#..#
#####.####.##....#
#...#.#.## #..
...##.####
##..#.#...
#.......#...#
#..#.#.##
#....##.###.#
#..#.#...
####.#..###.##
..>#.#..# #.O@..#
####.#..# #.....#
#.#### #.......#
#..... #.#.....#
###### # #.....#
..##### #### ##.
#... .. #.## #.#.


You could see an ogre.

Vanquished Creatures
  A phantom (D:4)
  3 big kobolds (D:3)
  2 bullfrogs (Sewer)
  A jelly (D:4)
  A hound (D:4)
  An iguana (D:4)
  7 adders
  9 gnolls
  10 oozes
  A worm (D:4)
  4 dart slugs
  14 leopard geckos (Sewer)
  5 orcs
  8 bats
  8 giant cockroaches
  25 goblins (D:3)
  23 hobgoblins
  6 jackals
  A quokka (D:3)
  14 ball pythons
  15 frilled lizards
  4 kobolds
  6 rats
169 creatures vanquished.

Notes
Turn   | Place    | Note
-------+----------+-------------------------------------------
     0 | D:1      | Mrkan the Hill Orc Fighter began the quest for the Orb.
     0 | D:1      | Reached XP level 1. HP: 19/19 MP: 1/1
    67 | D:1      | Reached skill level 3 in Axes
   155 | D:1      | Reached XP level 2. HP: 27/27 MP: 2/2
   670 | D:2      | Reached XP level 3. HP: 33/33 MP: 3/3
   695 | D:2      | Found Zin's Purification Station.
   697 | D:2      | Found a glowing silver altar of Zin.
   721 | D:2      | Reached skill level 4 in Axes
   741 | D:1      | Reached XP level 4. HP: 4/40 MP: 4/4
  1172 | D:2      | Became a worshipper of Zin the Law-Giver
  1822 | D:2      | Reached * piety under Zin
  2073 | D:3      | Reached XP level 5. HP: 46/47 MP: 5/5
  2445 | D:3      | Reached skill level 1 in Invocations
  2472 | D:3      | Reached skill level 5 in Axes
  2682 | D:3      | Reached XP level 6. HP: 28/53 MP: 7/7
  2707 | D:3      | Reached skill level 6 in Axes
  2715 | D:3      | HP: 1/55 [big kobold (4)]
  2724 | D:3      | Reached skill level 5 in Fighting
  2724 | D:3      | Reached XP level 7. HP: 3/61 MP: 7/9
  3024 | D:3      | Reached ** piety under Zin
  3419 | D:4      | Found a shadowy altar of Dithmenos.
  3448 | D:4      | Found a sparkling altar of Nemelex Xobeh.
  3557 | D:4      | Found an opulent altar of Gozag.
  3566 | D:4      | Found a glowing drain.
  3588 | Sewer    | Entered a sewer
  3955 | Sewer    | Reached skill level 7 in Axes
  3957 | Sewer    | Reached skill level 5 in Armour
  4257 | D:4      | Reached skill level 5 in Shields
  4257 | D:4      | Reached XP level 8. HP: 30/69 MP: 10/10
  4431 | D:4      | Slain by an ogre

Levels and vault maps discovered:
D:1:      minmay_arrival_checkered_box, layout_loops_ring
D:2:      layout_loops_ring, zin_purify, minivault_5
D:3:      minmay_goblin_kobold_castle, layout_basic
D:4:      layout_basic, nemelex_xobeh_ov_fountains_minmay, lemuel_doored_altar,
          grunt_dithmenos_smoke_and_mirrors, cheibrodos_sewer_entry_sluice

Skill      XL: |  1  2  3  4  5  6  7 |
---------------+----------------------+-----
Axes           | 3 4 5 6 7 |  7.6
Fighting       | 4 5 |  5.6
Shields        | 4 5 |  5.0
Invocations    | 1 2 3 |  3.7
Armour         | 4 5 |  5.1

Action                   |  1- 3 |  4- 6 |  7- 9 || total
-------------------------+-------+-------+-------++-------
Melee: War axe           |    83 |   234 |   242 ||   559
Invok: Recite            |       |     3 |       ||     3
  Use: Potion            |     1 |       |       ||     1
  Eat: Chunk             |       |     6 |     4 ||    10
       Ration            |       |       |     1 ||     1
Armor: Scale mail        |    42 |   123 |    99 ||   264
Dodge: Dodged            |    21 |    48 |    46 ||   115
Block: Shield            |    47 |    21 |       ||    68
       Large shield      |       |   247 |   250 ||   497
